[ AOE2 MATCH · #471850075 ]
UnrankedTurks vs Bohemians
[ REPLAY ANALYSIS · EXTRACTED FROM THE RECORDED GAME ]
Feudal
13:42
Castle
18:08
Imperial
—
| APM avg | 35.3 |
| APM peak | 56 |
| eAPM avg | 16.9 |
| Villagers / military | 31 / 7 |
Focus
⚔️ 23.3% · 🌾 76.7%
Fishing Ship ×22 · Scout Cavalry ×6 · Knight ×1
Feudal
13:30
Castle
17:53
Imperial
—
| APM avg | 39.1 |
| APM peak | 61 |
| eAPM avg | 17.6 |
| Villagers / military | 56 / 7 |
Focus
⚔️ 16.7% · 🌾 83.3%
Fishing Ship ×18 · Galley ×7
Feudal
15:30
Castle
19:59
Imperial
—
| APM avg | 39.0 |
| APM peak | 90 |
| eAPM avg | 19.1 |
| Villagers / military | 50 / 3 |
Focus
⚔️ 31.5% · 🌾 68.5%
Fishing Ship ×27 · Unknown (2626) ×7 · Monk ×2 · Fire Galley ×1
Feudal
13:13
Castle
—
Imperial
—
| APM avg | 26.1 |
| APM peak | 67 |
| eAPM avg | 9.4 |
| Villagers / military | 29 / 6 |
Focus
⚔️ 16.7% · 🌾 83.3%
Fishing Ship ×7 · Fire Galley ×6
Feudal
14:55
Castle
18:31
Imperial
—
| APM avg | 21.6 |
| APM peak | 68 |
| eAPM avg | 10.5 |
| Villagers / military | 37 / 0 |
Focus
⚔️ 5.3% · 🌾 94.7%
Feudal
14:50
Castle
18:34
Imperial
—
| APM avg | 34.5 |
| APM peak | 81 |
| eAPM avg | 17.2 |
| Villagers / military | 39 / 4 |
Focus
⚔️ 27.3% · 🌾 72.7%
Fishing Ship ×12 · Unknown (2626) ×3 · Mangonel ×2 · Cataphract ×2
Feudal
13:48
Castle
20:27
Imperial
—
| APM avg | 33.2 |
| APM peak | 72 |
| eAPM avg | 10.4 |
| Villagers / military | 30 / 1 |
Focus
⚔️ 18.4% · 🌾 81.6%
Fishing Ship ×7 · Unknown (2626) ×2 · Fire Galley ×1
Feudal
13:37
Castle
20:09
Imperial
—
| APM avg | 26.6 |
| APM peak | 46 |
| eAPM avg | 13.9 |
| Villagers / military | 37 / 4 |
Focus
⚔️ 38.2% · 🌾 61.8%
Fishing Ship ×14 · Unknown (2626) ×7 · Fire Galley ×4
Match map
Initial resources + every placement click. Lines = walls · curves = elevation contours. ◆ gold · ⬟ stone · ● berries · ✦ relic · ◌ wall gap
Inputs per minute
— jokerjay - - 笑春风
Build order — jokerjay
101 actions detected in the replay
| 0:07 | Build | Town Center |
| 1:04 | Build | Dock |
| 1:46 | Build | House |
| 2:35 | Create | Villager (Male) |
| 2:36 | Create | Villager (Male) |
| 2:36 | Create | Villager (Male) |
| 2:36 | Create | Villager (Male) |
| 3:29 | Create | Fishing Ship |
| 4:11 | Create | Villager (Male) |
| 4:32 | Build | House |
| 4:43 | Create | Villager (Male) |
| 5:09 | Create | Villager (Male) |
| 5:16 | Create | Fishing Ship |
| 5:36 | Create | Villager (Male) |
| 5:37 | Create | Villager (Male) |
| 6:04 | Create | Villager (Male) |
| 6:26 | Create | Fishing Ship |
| 6:29 | Build | House |
| 6:35 | Create | Villager (Male) |
| 6:59 | Create | Villager (Male) |
| 7:01 | Create | Fishing Ship |
| 7:03 | Build | House |
| 7:32 | Create | Villager (Male) |
| 7:55 | Create | Villager (Male) |
| 7:58 | Create | Fishing Ship |
| 8:07 | Build | House |
| 8:17 | Build | Dock |
| 8:33 | Create | Villager (Male) |
| 8:43 | Create | Fishing Ship |
| 8:52 | Create | Villager (Male) |
| 8:58 | Build | House |
| 9:23 | Create | Villager (Male) |
| 9:26 | Create | Fishing Ship |
| 9:34 | Create | Fishing Ship |
| 9:46 | Create | Villager (Male) |
| 10:11 | Create | Villager (Male) |
| 10:14 | Create | Fishing Ship |
| 10:15 | Create | Fishing Ship |
| 10:17 | Build | House |
| 10:22 | Build | House |
| 10:42 | Create | Villager (Male) |
| 10:49 | Build | Mill |
| 10:53 | Research | Loom |
| 11:30 | Research | Feudal Age |
| 12:04 | Create | Fishing Ship |
| 12:04 | Create | Fishing Ship |
| 12:36 | Build | Barracks |
| 13:23 | Build | Mining Camp |
| 13:23 | Create | Villager (Male) |
| 13:24 | Create | Villager (Male) |
| 13:42 | Age | Feudal Age |
| 13:44 | Build | Stable |
| 14:07 | Build | Blacksmith |
| 14:32 | Build | Lumber Camp |
| 14:50 | Research | Town Watch |
| 14:50 | Research | Town Watch |
| 15:20 | Build | Dock |
| 15:28 | Research | Castle Age |
| 15:28 | Research | Castle Age |
| 15:30 | Research | Double-Bit Axe |
| 15:46 | Build | Lumber Camp |
| 15:54 | Create | Scout Cavalry |
| 16:13 | Build | House |
| 16:15 | Build | House |
| 16:23 | Create | Fishing Ship |
| 16:39 | Create | Scout Cavalry |
| 17:24 | Create | Fishing Ship |
| 17:24 | Create | Fishing Ship |
| 17:27 | Build | House |
| 17:28 | Build | House |
| 17:31 | Create | Scout Cavalry |
| 18:03 | Create | Scout Cavalry |
| 18:08 | Age | Castle Age |
| 18:08 | Create | Villager (Male) |
| 18:23 | Create | Villager (Male) |
| 18:26 | Build | Town Center |
| 18:29 | Research | Bow Saw |
| 18:34 | Create | Fishing Ship |
| 18:36 | Create | Fishing Ship |
| 18:58 | Create | Scout Cavalry |
| 19:01 | Research | Forging |
| 19:02 | Create | Villager (Male) |
| 19:05 | Build | Mill |
| 19:18 | Build | Dock |
| 19:29 | Create | Villager (Male) |
| 19:29 | Create | Villager (Male) |
| 19:38 | Create | Scout Cavalry |
| 19:42 | Create | Knight |
| 19:58 | Research | Scale Barding Armor |
| 20:13 | Build | Fish Trap |
| 20:14 | Create | Villager (Male) |
| 20:15 | Create | Villager (Male) |
| 20:18 | Build | Fish Trap |
| 21:01 | Create | Villager (Male) |
| 21:01 | Create | Villager (Male) |
| 21:03 | Create | Fishing Ship |
| 21:03 | Create | Fishing Ship |
| 21:04 | Create | Fishing Ship |
| 21:05 | Create | Fishing Ship |
| 21:06 | Create | Fishing Ship |
| 21:12 | Build | Fish Trap |
Build order — 笑春风
125 actions detected in the replay
| 0:17 | Build | Town Center |
| 1:25 | Build | Dock |
| 2:09 | Build | House |
| 2:37 | Create | Villager (Male) |
| 2:37 | Create | Villager (Male) |
| 2:38 | Create | Villager (Male) |
| 2:38 | Create | Villager (Male) |
| 2:38 | Create | Villager (Male) |
| 3:53 | Research | Loom |
| 3:53 | Research | Loom |
| 3:53 | Research | Loom |
| 3:54 | Research | Loom |
| 3:54 | Research | Loom |
| 3:58 | Create | Fishing Ship |
| 3:58 | Create | Fishing Ship |
| 3:58 | Create | Fishing Ship |
| 4:32 | Build | House |
| 4:48 | Create | Fishing Ship |
| 4:49 | Create | Fishing Ship |
| 4:49 | Create | Fishing Ship |
| 5:20 | Create | Villager (Male) |
| 5:21 | Create | Villager (Male) |
| 5:38 | Create | Villager (Male) |
| 5:38 | Create | Villager (Male) |
| 6:10 | Create | Villager (Male) |
| 6:11 | Create | Villager (Male) |
| 6:11 | Create | Villager (Male) |
| 6:11 | Create | Villager (Male) |
| 6:26 | Build | House |
| 6:29 | Create | Villager (Male) |
| 6:29 | Create | Villager (Male) |
| 6:30 | Create | Villager (Male) |
| 6:51 | Create | Villager (Male) |
| 6:51 | Create | Villager (Male) |
| 7:11 | Create | Fishing Ship |
| 7:11 | Create | Fishing Ship |
| 7:12 | Create | Fishing Ship |
| 7:24 | Create | Villager (Male) |
| 7:24 | Create | Villager (Male) |
| 7:25 | Create | Villager (Male) |
| 7:49 | Create | Villager (Male) |
| 7:50 | Create | Villager (Male) |
| 7:50 | Create | Villager (Male) |
| 7:50 | Create | Villager (Male) |
| 8:07 | Build | House |
| 8:15 | Create | Fishing Ship |
| 8:15 | Create | Fishing Ship |
| 8:16 | Create | Fishing Ship |
| 8:21 | Create | Villager (Male) |
| 8:21 | Create | Villager (Male) |
| 8:22 | Create | Villager (Male) |
| 8:22 | Create | Villager (Male) |
| 8:22 | Create | Villager (Male) |
| 8:45 | Create | Villager (Male) |
| 8:45 | Create | Villager (Male) |
| 8:46 | Create | Villager (Male) |
| 8:46 | Create | Villager (Male) |
| 8:46 | Create | Villager (Male) |
| 8:46 | Create | Villager (Male) |
| 8:47 | Create | Villager (Male) |
| 9:05 | Create | Fishing Ship |
| 9:05 | Create | Fishing Ship |
| 9:44 | Create | Fishing Ship |
| 9:59 | Build | House |
| 10:02 | Create | Villager (Male) |
| 10:26 | Create | Villager (Male) |
| 10:35 | Build | House |
| 10:52 | Build | Lumber Camp |
| 11:05 | Build | House |
| 11:14 | Research | Feudal Age |
| 11:56 | Build | Mill |
| 12:06 | Create | Fishing Ship |
| 12:12 | Create | Villager (Male) |
| 12:12 | Create | Villager (Male) |
| 13:07 | Create | Villager (Male) |
| 13:30 | Age | Feudal Age |
| 13:35 | Create | Villager (Male) |
| 13:53 | Build | Market |
| 14:07 | Build | Blacksmith |
| 14:12 | Create | Fishing Ship |
| 14:12 | Create | Fishing Ship |
| 15:02 | Build | House |
| 15:03 | Build | House |
| 15:13 | Research | Castle Age |
| 15:13 | Research | Castle Age |
| 15:14 | Research | Castle Age |
| 15:56 | Build | Dock |
| 16:01 | Research | Double-Bit Axe |
| 16:01 | Research | Double-Bit Axe |
| 16:01 | Research | Double-Bit Axe |
| 16:10 | Research | Tech 906 |
| 16:10 | Research | Tech 906 |
| 16:11 | Research | Tech 906 |
| 16:11 | Research | Tech 906 |
| 16:31 | Create | Galley |
| 16:32 | Create | Galley |
| 16:41 | Research | Fletching |
| 16:41 | Research | Fletching |
| 16:42 | Research | Fletching |
| 16:42 | Research | Fletching |
| 16:54 | Build | House |
| 17:39 | Create | Galley |
| 17:41 | Create | Villager (Male) |
| 17:42 | Create | Villager (Male) |
| 17:53 | Age | Castle Age |
| 17:57 | Create | Galley |
| 17:57 | Create | Galley |
| 18:11 | Research | Bow Saw |
| 18:11 | Research | Bow Saw |
| 18:11 | Research | Bow Saw |
| 18:26 | Create | Villager (Male) |
| 18:40 | Create | Villager (Male) |
| 18:56 | Build | University |
| 19:07 | Create | Villager (Male) |
| 19:18 | Create | Villager (Male) |
| 19:40 | Build | Town Center |
| 20:03 | Create | Villager (Male) |
| 20:03 | Create | Villager (Male) |
| 20:03 | Create | Villager (Male) |
| 20:04 | Create | Villager (Male) |
| 20:04 | Create | Villager (Male) |
| 20:04 | Create | Villager (Male) |
| 20:19 | Create | Galley |
| 20:19 | Create | Galley |
| 21:13 | Create | Villager (Male) |
Build order — 灾饿大王
118 actions detected in the replay
| 0:13 | Build | Town Center |
| 1:08 | Build | Dock |
| 1:10 | Build | House |
| 2:44 | Create | Villager (Male) ×4 |
| 2:45 | Create | Villager (Male) ×4 |
| 3:46 | Create | Fishing Ship |
| 4:23 | Build | House |
| 4:27 | Create | Villager (Male) |
| 4:27 | Create | Villager (Male) |
| 4:49 | Create | Villager (Male) |
| 4:49 | Create | Villager (Male) |
| 5:19 | Create | Villager (Male) |
| 5:20 | Create | Villager (Male) |
| 5:28 | Create | Fishing Ship |
| 5:30 | Create | Villager (Male) |
| 5:30 | Create | Villager (Male) |
| 5:50 | Create | Villager (Male) |
| 5:51 | Create | Villager (Male) |
| 5:57 | Build | House |
| 6:14 | Create | Villager (Male) |
| 6:14 | Create | Villager (Male) |
| 6:31 | Create | Fishing Ship |
| 6:32 | Create | Fishing Ship |
| 6:34 | Create | Villager (Male) |
| 6:34 | Create | Villager (Male) |
| 6:49 | Create | Villager (Male) |
| 6:49 | Create | Villager (Male) |
| 7:03 | Create | Villager (Male) |
| 7:03 | Create | Villager (Male) |
| 7:06 | Build | House |
| 7:13 | Create | Fishing Ship |
| 7:39 | Create | Villager (Male) |
| 7:39 | Create | Villager (Male) |
| 7:52 | Build | Lumber Camp |
| 7:57 | Create | Villager (Male) |
| 7:57 | Create | Villager (Male) |
| 8:16 | Create | Villager (Male) |
| 8:16 | Create | Villager (Male) |
| 8:37 | Build | Dock |
| 8:40 | Create | Villager (Male) |
| 8:40 | Create | Villager (Male) |
| 8:50 | Create | Fishing Ship |
| 9:01 | Build | House |
| 9:04 | Create | Villager (Male) ×2 |
| 9:04 | Create | Villager (Male) ×2 |
| 9:20 | Create | Fishing Ship |
| 9:34 | Build | House |
| 9:41 | Build | House |
| 9:45 | Create | Fishing Ship |
| 10:03 | Create | Fishing Ship |
| 10:08 | Build | House |
| 10:27 | Create | Villager (Male) |
| 10:31 | Build | Dock |
| 10:34 | Create | Villager (Male) |
| 10:49 | Create | Fishing Ship |
| 10:59 | Build | Palisade Wall |
| 11:04 | Build | Mill |
| 11:15 | Create | Fishing Ship |
| 11:19 | Build | House |
| 11:30 | Create | Fishing Ship |
| 11:33 | Create | Villager (Male) |
| 11:43 | Build | Mining Camp |
| 12:02 | Create | Fishing Ship |
| 12:05 | Create | Villager (Male) |
| 12:12 | Create | Fishing Ship |
| 12:25 | Create | Villager (Male) |
| 12:25 | Research | Loom |
| 12:34 | Create | Fishing Ship |
| 12:36 | Create | Villager (Male) |
| 12:37 | Build | House |
| 12:57 | Create | Fishing Ship |
| 12:57 | Create | Fishing Ship |
| 13:18 | Research | Feudal Age |
| 13:18 | Research | Feudal Age |
| 13:26 | Build | Dock |
| 15:30 | Age | Feudal Age |
| 15:32 | Create | Unit 2626 |
| 15:33 | Create | Unit 2626 |
| 15:33 | Create | Unit 2626 |
| 15:33 | Create | Unit 2626 |
| 15:33 | Create | Unit 2626 |
| 15:34 | Create | Villager (Male) |
| 15:34 | Create | Villager (Male) |
| 15:34 | Create | Villager (Male) |
| 15:50 | Build | Blacksmith |
| 15:51 | Research | Double-Bit Axe |
| 15:52 | Research | Double-Bit Axe |
| 15:53 | Build | Market |
| 15:57 | Research | Tech 906 |
| 16:19 | Create | Unit 2626 |
| 16:19 | Create | Unit 2626 |
| 16:26 | Build | House |
| 16:26 | Build | House |
| 16:27 | Build | House |
| 16:27 | Build | House |
| 17:19 | Research | Castle Age |
| 17:19 | Research | Castle Age |
| 18:01 | Create | Fire Galley |
| 18:11 | Research | Gold Mining |
| 18:11 | Research | Gold Mining |
| 18:16 | Create | Fishing Ship ×5 |
| 18:34 | Build | Dock |
| 19:00 | Create | Fishing Ship ×5 |
| 19:10 | Create | Villager (Male) |
| 19:59 | Age | Castle Age |
| 20:02 | Build | Town Center |
| 20:05 | Build | Monastery |
| 20:11 | Create | Villager (Male) |
| 20:13 | Research | Gillnets |
| 20:14 | Research | Bow Saw |
| 20:14 | Research | Bow Saw |
| 20:19 | Build | Monastery |
| 20:23 | Build | House |
| 20:25 | Build | House |
| 20:38 | Research | Wheelbarrow |
| 20:55 | Create | Monk |
| 21:04 | Create | Monk |
| 21:06 | Create | Villager (Male) |
Build order — fox0503
59 actions detected in the replay
| 0:20 | Build | House |
| 0:21 | Build | Dock |
| 0:39 | Build | Town Center |
| 3:06 | Create | Villager (Male) |
| 3:07 | Create | Villager (Male) |
| 3:07 | Create | Villager (Male) |
| 3:07 | Create | Villager (Male) |
| 3:08 | Create | Villager (Male) |
| 4:22 | Create | Fishing Ship |
| 4:41 | Build | House |
| 4:49 | Create | Villager (Male) |
| 4:49 | Create | Villager (Male) |
| 5:14 | Create | Villager (Male) |
| 5:14 | Create | Villager (Male) |
| 5:47 | Build | House |
| 6:12 | Create | Villager (Male) |
| 6:15 | Create | Fishing Ship |
| 7:04 | Create | Villager (Male) |
| 7:04 | Create | Villager (Male) |
| 7:17 | Create | Fishing Ship |
| 7:23 | Create | Villager (Male) |
| 7:24 | Create | Villager (Male) |
| 7:45 | Create | Fishing Ship |
| 7:46 | Create | Villager (Male) |
| 8:09 | Build | House |
| 8:23 | Create | Villager (Male) |
| 8:23 | Create | Villager (Male) |
| 8:26 | Create | Villager (Male) |
| 8:29 | Create | Fishing Ship |
| 8:43 | Create | Villager (Male) |
| 9:06 | Create | Villager (Male) |
| 9:07 | Create | Villager (Male) |
| 9:15 | Build | Lumber Camp |
| 9:33 | Create | Fishing Ship |
| 9:38 | Build | House |
| 10:03 | Create | Villager (Male) |
| 10:07 | Create | Fishing Ship |
| 10:41 | Build | House |
| 11:03 | Research | Feudal Age |
| 11:04 | Research | Loom |
| 11:12 | Build | Mining Camp |
| 12:15 | Build | Dock |
| 13:13 | Age | Feudal Age |
| 13:18 | Create | Fire Galley |
| 13:19 | Create | Fire Galley |
| 13:21 | Create | Villager (Male) |
| 13:21 | Create | Villager (Male) |
| 13:34 | Create | Fire Galley |
| 13:34 | Create | Fire Galley |
| 13:36 | Create | Villager (Male) |
| 13:36 | Create | Villager (Male) |
| 14:47 | Create | Fire Galley |
| 14:47 | Create | Fire Galley |
| 15:49 | Create | Villager (Male) |
| 15:50 | Create | Villager (Male) |
| 15:52 | Build | House |
| 15:53 | Build | House |
| 16:18 | Create | Villager (Male) |
| 16:30 | Build | Mill |
Build order — 摸着天杜迁
67 actions detected in the replay
| 0:10 | Build | Town Center |
| 0:15 | Build | House |
| 0:21 | Build | House |
| 2:23 | Build | Mill |
| 2:58 | Create | Villager (Male) |
| 2:58 | Create | Villager (Male) |
| 3:04 | Create | Villager (Male) |
| 4:10 | Create | Villager (Male) |
| 4:10 | Create | Villager (Male) |
| 4:29 | Build | Mill |
| 4:51 | Create | Villager (Male) |
| 4:52 | Create | Villager (Male) |
| 5:50 | Create | Villager (Male) |
| 5:51 | Create | Villager (Male) |
| 6:27 | Create | Villager (Male) |
| 6:28 | Create | Villager (Male) |
| 7:04 | Create | Villager (Male) |
| 7:05 | Create | Villager (Male) |
| 7:22 | Create | Villager (Male) |
| 7:34 | Create | Villager (Male) |
| 7:34 | Create | Villager (Male) |
| 7:56 | Create | Villager (Male) |
| 7:56 | Create | Villager (Male) |
| 8:37 | Create | Villager (Male) |
| 8:54 | Create | Villager (Male) |
| 9:23 | Build | House |
| 9:41 | Build | House |
| 10:05 | Build | House |
| 10:12 | Create | Villager (Male) |
| 10:45 | Build | Mill |
| 10:50 | Create | Villager (Male) |
| 11:12 | Create | Villager (Male) |
| 11:12 | Create | Villager (Male) |
| 11:44 | Create | Villager (Male) |
| 11:50 | Create | Villager (Male) |
| 12:09 | Build | Lumber Camp |
| 12:45 | Research | Feudal Age |
| 13:35 | Create | Villager (Male) |
| 13:35 | Create | Villager (Male) |
| 14:55 | Age | Feudal Age |
| 14:58 | Build | Market |
| 15:00 | Build | Blacksmith |
| 15:51 | Research | Castle Age |
| 16:25 | Research | Double-Bit Axe |
| 16:26 | Research | Double-Bit Axe |
| 17:44 | Create | Villager (Male) |
| 18:31 | Age | Castle Age |
| 18:34 | Build | Town Center |
| 18:45 | Create | Villager (Male) |
| 18:55 | Build | Farm |
| 18:57 | Build | Farm |
| 19:00 | Build | Farm |
| 19:03 | Create | Villager (Male) |
| 19:14 | Build | Farm |
| 19:36 | Build | Town Center |
| 19:44 | Create | Villager (Male) |
| 19:45 | Create | Villager (Male) |
| 20:10 | Build | Farm |
| 20:11 | Build | Farm |
| 20:16 | Build | Farm |
| 20:17 | Create | Villager (Male) |
| 20:19 | Create | Villager (Male) |
| 20:19 | Create | Villager (Male) |
| 20:35 | Build | House |
| 20:36 | Build | House |
| 20:39 | Build | House |
| 20:43 | Create | Villager (Male) |
Build order — 我不是蓝精灵
96 actions detected in the replay
| 0:16 | Build | Town Center |
| 1:07 | Build | Dock |
| 1:14 | Build | House |
| 2:45 | Research | Loom |
| 2:48 | Create | Villager (Male) |
| 2:49 | Create | Villager (Male) |
| 3:16 | Create | Villager (Male) |
| 3:48 | Create | Villager (Male) |
| 4:10 | Create | Villager (Male) |
| 4:11 | Create | Fishing Ship |
| 4:11 | Create | Fishing Ship |
| 4:38 | Build | House |
| 4:52 | Create | Villager (Male) |
| 4:52 | Create | Villager (Male) |
| 5:24 | Create | Villager (Male) |
| 5:24 | Create | Villager (Male) |
| 5:30 | Build | House |
| 5:48 | Create | Villager (Male) |
| 5:48 | Create | Villager (Male) |
| 6:10 | Create | Villager (Male) |
| 6:25 | Create | Fishing Ship |
| 6:26 | Create | Fishing Ship |
| 6:30 | Create | Villager (Male) |
| 6:52 | Create | Villager (Male) |
| 6:52 | Create | Villager (Male) |
| 7:06 | Create | Fishing Ship |
| 7:06 | Create | Fishing Ship |
| 7:17 | Create | Villager (Male) |
| 7:18 | Create | Villager (Male) |
| 7:22 | Research | Loom |
| 7:22 | Research | Loom |
| 7:32 | Create | Villager (Male) |
| 7:32 | Create | Villager (Male) |
| 7:43 | Create | Fishing Ship |
| 7:48 | Build | House |
| 8:00 | Create | Villager (Male) |
| 8:11 | Create | Fishing Ship |
| 8:25 | Create | Villager (Male) |
| 8:53 | Build | Mining Camp |
| 8:59 | Create | Villager (Male) |
| 9:09 | Create | Fishing Ship |
| 9:25 | Create | Villager (Male) |
| 9:33 | Build | House |
| 9:35 | Build | Palisade Wall |
| 9:42 | Create | Villager (Male) |
| 9:57 | Create | Fishing Ship |
| 10:04 | Build | House |
| 10:20 | Create | Villager (Male) |
| 10:44 | Create | Villager (Male) |
| 11:04 | Build | Dock |
| 11:13 | Create | Villager (Male) |
| 11:38 | Create | Villager (Male) |
| 12:04 | Build | Mill |
| 12:08 | Create | Villager (Male) |
| 12:23 | Create | Fishing Ship |
| 12:23 | Create | Fishing Ship |
| 12:40 | Research | Feudal Age |
| 12:41 | Research | Feudal Age |
| 12:41 | Research | Feudal Age |
| 13:17 | Build | House |
| 13:20 | Build | House |
| 13:53 | Create | Villager (Male) |
| 14:33 | Build | Outpost |
| 14:50 | Age | Feudal Age |
| 15:04 | Create | Villager (Male) |
| 15:09 | Build | Blacksmith |
| 15:16 | Build | Market |
| 15:26 | Create | Villager (Male) |
| 15:34 | Build | Lumber Camp |
| 15:53 | Research | Castle Age |
| 15:53 | Research | Castle Age |
| 16:23 | Create | Unit 2626 |
| 16:23 | Create | Unit 2626 |
| 17:01 | Build | House |
| 17:55 | Build | Outpost |
| 18:00 | Create | Villager (Male) |
| 18:02 | Research | Double-Bit Axe |
| 18:02 | Research | Double-Bit Axe |
| 18:34 | Age | Castle Age |
| 18:41 | Build | Castle |
| 18:48 | Create | Villager (Male) |
| 19:12 | Build | Outpost |
| 19:14 | Create | Villager (Male) |
| 19:19 | Build | Siege Workshop |
| 19:28 | Research | Fletching |
| 19:29 | Research | Fletching |
| 19:41 | Create | Villager (Male) |
| 19:49 | Create | Unit 2626 |
| 20:03 | Create | Villager (Male) |
| 20:05 | Create | Cataphract |
| 20:05 | Create | Cataphract |
| 20:19 | Build | Mining Camp |
| 20:30 | Create | Mangonel |
| 20:30 | Create | Mangonel |
| 20:55 | Create | Villager (Male) |
| 21:11 | Create | Villager (Male) |
Build order — Jonnydrama
73 actions detected in the replay
| 0:31 | Build | Town Center |
| 2:46 | Build | Dock |
| 2:51 | Build | House |
| 2:52 | Build | House |
| 3:04 | Research | Loom |
| 3:05 | Create | Villager (Male) ×4 |
| 4:37 | Create | Fishing Ship |
| 5:05 | Create | Villager (Male) |
| 5:26 | Create | Villager (Male) |
| 6:05 | Create | Villager (Male) |
| 6:05 | Create | Villager (Male) |
| 6:05 | Create | Villager (Male) |
| 6:27 | Create | Villager (Male) |
| 6:27 | Create | Villager (Male) |
| 6:28 | Create | Fishing Ship |
| 7:04 | Build | House |
| 7:05 | Build | House |
| 7:11 | Create | Villager (Male) |
| 7:20 | Create | Villager (Male) |
| 7:31 | Create | Villager (Male) |
| 7:54 | Create | Fishing Ship |
| 8:12 | Create | Villager (Male) |
| 8:21 | Build | House |
| 8:26 | Build | House |
| 8:33 | Create | Villager (Male) |
| 8:38 | Create | Villager (Male) |
| 9:18 | Build | House |
| 9:20 | Create | Fishing Ship |
| 9:45 | Create | Villager (Male) |
| 9:50 | Build | House |
| 9:53 | Create | Villager (Male) |
| 10:25 | Create | Villager (Male) |
| 10:29 | Build | House |
| 10:34 | Create | Fishing Ship |
| 10:35 | Create | Fishing Ship |
| 10:44 | Create | Villager (Male) |
| 10:53 | Build | Lumber Camp |
| 11:02 | Build | Palisade Wall |
| 11:07 | Create | Villager (Male) |
| 11:25 | Build | House |
| 11:27 | Build | Outpost |
| 11:38 | Research | Feudal Age |
| 11:42 | Create | Fishing Ship |
| 13:17 | Build | Dock |
| 13:33 | Build | Mining Camp |
| 13:48 | Age | Feudal Age |
| 13:50 | Research | Double-Bit Axe |
| 14:02 | Create | Villager (Male) |
| 14:03 | Create | Villager (Male) |
| 14:08 | Research | Town Watch |
| 14:14 | Research | Gold Mining |
| 14:23 | Create | Fire Galley |
| 14:32 | Create | Villager (Male) |
| 15:01 | Build | Mill |
| 15:07 | Create | Villager (Male) |
| 15:21 | Create | Unit 2626 |
| 15:22 | Create | Unit 2626 |
| 15:34 | Create | Villager (Male) |
| 15:47 | Research | Horse Collar |
| 15:54 | Create | Villager (Male) |
| 16:24 | Create | Villager (Male) |
| 16:33 | Create | Villager (Male) |
| 16:42 | Build | Market |
| 16:49 | Build | Blacksmith |
| 16:51 | Build | Palisade Wall |
| 16:53 | Build | Building 796 |
| 17:47 | Research | Castle Age |
| 18:14 | Research | Wheelbarrow |
| 18:25 | Build | Lumber Camp |
| 19:09 | Build | Mining Camp |
| 19:20 | Research | Stone Mining |
| 20:27 | Age | Castle Age |
| 20:38 | Build | Town Center |
Build order — 不会套路不会种
99 actions detected in the replay
| 0:03 | Build | Town Center |
| 0:16 | Build | House |
| 1:05 | Build | Dock |
| 2:27 | Create | Villager (Male) |
| 2:27 | Create | Villager (Male) |
| 2:28 | Create | Villager (Male) |
| 2:28 | Create | Villager (Male) |
| 2:28 | Create | Villager (Male) |
| 2:29 | Create | Villager (Male) |
| 2:29 | Create | Villager (Male) |
| 3:38 | Create | Fishing Ship |
| 3:40 | Create | Villager (Male) |
| 4:30 | Create | Villager (Male) |
| 4:31 | Create | Villager (Male) |
| 4:36 | Build | House |
| 4:55 | Create | Villager (Male) |
| 4:55 | Create | Villager (Male) |
| 5:11 | Create | Fishing Ship |
| 5:27 | Create | Villager (Male) |
| 5:44 | Create | Villager (Male) |
| 5:50 | Build | House |
| 6:01 | Create | Fishing Ship |
| 6:01 | Create | Fishing Ship |
| 6:12 | Create | Villager (Male) |
| 6:13 | Create | Villager (Male) |
| 6:36 | Create | Villager (Male) |
| 6:36 | Create | Villager (Male) |
| 6:44 | Create | Villager (Male) |
| 6:46 | Create | Fishing Ship |
| 6:53 | Build | House |
| 7:02 | Create | Villager (Male) |
| 7:29 | Create | Fishing Ship |
| 7:49 | Create | Fishing Ship |
| 7:50 | Create | Villager (Male) |
| 8:09 | Research | Loom |
| 8:21 | Build | House |
| 8:27 | Build | House |
| 8:36 | Create | Villager (Male) |
| 8:51 | Create | Fishing Ship |
| 9:01 | Create | Villager (Male) |
| 9:08 | Create | Fishing Ship |
| 9:26 | Create | Villager (Male) |
| 9:53 | Create | Villager (Male) |
| 9:56 | Create | Fishing Ship |
| 9:59 | Build | House |
| 10:12 | Create | Villager (Male) |
| 10:32 | Build | Mining Camp |
| 10:37 | Create | Villager (Male) |
| 10:47 | Create | Fishing Ship |
| 11:01 | Create | Villager (Male) |
| 11:11 | Build | House |
| 11:21 | Build | Mining Camp |
| 11:27 | Research | Feudal Age |
| 13:02 | Create | Villager (Male) |
| 13:36 | Create | Villager (Male) |
| 13:37 | Age | Feudal Age |
| 13:41 | Build | Dock |
| 14:00 | Build | Mill |
| 14:05 | Create | Fishing Ship |
| 14:12 | Build | Blacksmith |
| 14:18 | Create | Unit 2626 |
| 14:25 | Research | Town Watch |
| 14:33 | Build | Lumber Camp |
| 14:38 | Create | Villager (Male) |
| 14:47 | Build | Market |
| 14:54 | Create | Unit 2626 |
| 14:55 | Create | Unit 2626 |
| 14:59 | Create | Villager (Male) |
| 15:06 | Build | House |
| 15:18 | Research | Double-Bit Axe |
| 15:23 | Create | Villager (Male) |
| 15:44 | Create | Unit 2626 |
| 15:44 | Create | Unit 2626 |
| 15:49 | Create | Villager (Male) |
| 16:29 | Create | Villager (Male) |
| 16:32 | Create | Unit 2626 |
| 16:32 | Create | Unit 2626 |
| 16:36 | Create | Fire Galley |
| 16:42 | Build | Palisade Wall |
| 16:45 | Build | Palisade Wall |
| 16:53 | Create | Villager (Male) |
| 17:05 | Build | House |
| 17:09 | Build | Farm |
| 17:29 | Research | Castle Age |
| 17:41 | Build | House |
| 17:46 | Build | Dock |
| 18:22 | Build | House |
| 18:36 | Create | Fire Galley |
| 18:37 | Create | Fire Galley |
| 19:03 | Create | Fire Galley |
| 20:09 | Age | Castle Age |
| 20:12 | Create | Fishing Ship |
| 20:12 | Create | Fishing Ship |
| 20:13 | Create | Villager (Male) |
| 20:16 | Research | Wheelbarrow |
| 20:26 | Build | Castle |
| 20:32 | Build | Town Center |
| 20:38 | Research | Bow Saw |
| 20:38 | Research | Bow Saw |
Match timeline
| 0:21 | fox0503 · first_building Dock |
| 1:04 | jokerjay · first_building Dock |
| 1:05 | 不会套路不会种 · first_building Dock |
| 1:07 | 我不是蓝精灵 · first_building Dock |
| 1:08 | 灾饿大王 · first_building Dock |
| 1:25 | 笑春风 · first_building Dock |
| 2:46 | Jonnydrama · first_building Dock |
| 9:35 | 我不是蓝精灵 · wall_segment Palisade Wall x1 |
| 10:59 | 灾饿大王 · wall_segment Palisade Wall x1 |
| 11:02 | Jonnydrama · wall_segment Palisade Wall x4 |
| 12:36 | jokerjay · first_building Barracks |
| 13:13 | fox0503 · age_up feudal |
| 13:30 | 笑春风 · age_up feudal |
| 13:37 | 不会套路不会种 · age_up feudal |
| 13:42 | jokerjay · age_up feudal |
| 13:44 | jokerjay · first_building Stable |
| 13:48 | Jonnydrama · age_up feudal |
| 14:50 | 我不是蓝精灵 · age_up feudal |
| 14:55 | 摸着天杜迁 · age_up feudal |
| 15:30 | 灾饿大王 · age_up feudal |
| 15:50 | 摸着天杜迁 · first_market_sell 100 wood |
| 15:54 | 不会套路不会种 · first_market_sell 100 stone |
| 16:42 | 不会套路不会种 · wall_segment Palisade Wall x1 |
| 16:45 | 不会套路不会种 · wall_segment Palisade Wall x1 |
| 16:51 | Jonnydrama · wall_segment Palisade Wall x7 |
| 16:52 | fox0503 · resign |
| 17:14 | 不会套路不会种 · first_market_buy 100 food |
| 17:53 | 笑春风 · age_up castle |
| 18:08 | jokerjay · age_up castle |
| 18:31 | 摸着天杜迁 · age_up castle |
| 18:34 | 我不是蓝精灵 · age_up castle |
| 18:41 | 我不是蓝精灵 · first_building Castle |
| 19:19 | 我不是蓝精灵 · first_building Siege Workshop |
| 19:59 | 灾饿大王 · age_up castle |
| 20:05 | 灾饿大王 · first_building Monastery |
| 20:09 | 不会套路不会种 · age_up castle |
| 20:26 | 不会套路不会种 · first_building Castle |
| 20:27 | Jonnydrama · age_up castle |
[ AI ANALYSIS · 1 CREDIT ]
What really happened in this match?
Wolo.gg analyzes every decision: build order, eco, micro, common mistakes by bracket. Personalized analysis on WhatsApp or Discord in 30 seconds.
Civ guide
Turks
Perfil
Jugador #23736669